 Dungeon Crawl Stone Soup version 0.23.2-1-ga50397a6bc (webtiles) character file.

Game seed: 11056304038436115790

3580 Peloso the Carver (level 9, 0/78 HPs)
             Began as a Minotaur Fighter on Apr 20, 2019.
             Killed by vampiric draining
             ... invoked by a vampire
              (4 damage)
             ... on level 9 of the Dungeon.
             The game lasted 00:16:24 (8187 turns).

Peloso the Carver (Minotaur Fighter)                Turns: 8187, Time: 00:16:24

Health: 0/78       AC: 15    Str: 27    XL:     9   Next: 84%
Magic:  8/8        EV:  7    Int:  5    God:
Gold:   499        SH:  0    Dex: 12    Spells: 8/8 levels left

rFire    . . .     SeeInvis .   a - +0 long sword
rCold    . . .     Gourm    .   c - +0 shield
rNeg     . . .     Faith    .   D - +0 plate armour
rPois    .         Spirit   .   (helmet restricted)
rElec    .         Reflect  .   y - scarf {cloud immunity}
rCorr    .         Harm     .   F - +0 pair of gloves
MR       .....                  (no boots)
Stlth    ..........             (no amulet)
HPRegen  0.23/turn              (no ring)
MPRegen  0.11/turn              (no ring)

@: confused, mighty
A: retaliatory headbutt, horns 2
a: no special abilities


You were on level 9 of the Dungeon.
You were not hungry.

You visited 2 branches of the dungeon, and saw 10 of its levels.

You collected 499 gold pieces.

Inventory:

Hand Weapons
 a - a +0 long sword (weapon)
Armour
 b - a +0 scale mail
 c - a +0 shield (worn)
 o - a +0 chain mail
 y - a scarf of cloud immunity (worn)
 D - a +0 plate armour (worn)
 F - a +0 pair of gloves (worn)
Wands
 z - a wand of random effects (11)
Scrolls
 g - 5 scrolls of remove curse
 j - 4 scrolls of teleportation {unknown}
 k - 2 scrolls of enchant weapon {unknown}
 l - 2 scrolls of noise {unknown}
 q - 2 scrolls of fog {unknown}
 t - a scroll of fear {unknown}
 v - a scroll of enchant armour {unknown}
 w - 3 scrolls of magic mapping {unknown}
 A - 7 scrolls of identify
 B - 2 scrolls of amnesia {unknown}
Potions
 d - a potion of might
 e - a potion of agility {unknown}
 h - a potion of invisibility
 i - 2 potions of cancellation {unknown}
 m - 3 potions of haste
 n - 2 potions of flight {unknown}
 p - a potion of brilliance {unknown}
 r - 2 potions of mutation {unknown}
 s - 3 potions of heal wounds {unknown}
 u - a potion of berserk rage {unknown}
 x - 5 potions of curing {unknown}
 C - a potion of magic {unknown}
Comestibles
 f - 16 rations


   Skills:
 + Level 6.8 Fighting
 + Level 10.7 Long Blades
 + Level 9.3 Armour
 + Level 3.1 Dodging
 + Level 0.5 Stealth
 + Level 8.2 Shields


You had 8 spell levels left.
You didn't know any spells.
Your spell library was empty.

Dungeon Overview and Level Annotations

Branches:
Dungeon (9/15)             Temple (1/1) D:6            Lair (0/6) D:8
    Orc: D:9-12

Altars:
Ashenzari
Dithmenos
Fedhas
Gozag
Hepliaklqana
Kikubaaqudgha
Makhleb
Nemelex Xobeh
Qazlal
Ru
Sif Muna
Trog
Uskayaw
Vehumet
Wu Jian
Xom
Yredelemnul
The Shining One

Annotations:
D:3 3 runed translucent doors, Acheron's ghost, amateur HuBe
D:9 Prince Ribbit


Innate Abilities, Weirdness & Mutations

You reflexively headbutt those who attack you in melee.
You have a pair of horns on your head.


Message History

You are confused.
Prince Ribbit closely misses you.
Prince Ribbit hits you but does no damage.
Something hits you.
* * * LOW HITPOINT WARNING * * *
Something bites you but does no damage.
Unknown command.
You miss Prince Ribbit. Your headbutt misses Prince Ribbit.
Prince Ribbit is severely wounded.
Prince Ribbit completely misses you. Something hits you but does no damage.
Something bites you.
* * * LOW HITPOINT WARNING * * *
Something draws strength from your injuries!
You bump into the rock wall.
Prince Ribbit catches a blue-tailed skink with his tongue.
Prince Ribbit blinks!
You hear some strange, mumbled words.
Something tries to affect you, but you resist.
Unholy energy fills the air.
You die...

................#
................#
..................#
..................#
..................#
..................####
................F....###
..........ยง###..........
...........# #..@..####
..........## ##...##
.........## ##...#
.........# #....#
.........# #....#
........## #....#
.......## ##...# .......#
+.... .......# #....#


You could see Prince Ribbit.

Vanquished Creatures
  A hippogriff (D:8)
  2 wargs (D:8)
  A hornet zombie (D:8)
  3 orc warriors
  Purgy (D:4)
  4 ice beasts
  A sky beast (D:7)
  4 ogres
  A centaur (D:8)
  5 bullfrogs
  A scorpion (D:5)
  A howler monkey (D:7)
  4 crimson imps
  6 orc priests
  3 hounds
  A gnoll shaman (D:7)
  5 iguanas
  5 orc wizards
  A centaur skeleton (D:8)
  8 worker ants
  Natasha (D:2)
  2 hound skeletons (D:7)
  A worker ant zombie (D:6)
  Robin (D:1)
  17 gnolls
  14 adders
  2 oozes (D:3)
  An adder skeleton (D:5)
  2 worms
  4 leopard geckos
  23 orcs
  4 giant cockroaches
  15 goblins
  6 hobgoblins
  5 jackals (D:4)
  5 quokkas
  2 ball pythons
  A ball python skeleton (D:4)
  6 bats
  6 frilled lizards
  A jackal skeleton (D:4)
  10 kobolds
  A leopard gecko skeleton (D:6)
  2 quokka skeletons
  A quokka zombie (D:5)
  9 rats
200 creatures vanquished.

Notes
Turn   | Place    | Note
-------+----------+-------------------------------------------
     0 | D:1      | Peloso the Minotaur Fighter began the quest for the Orb.
     0 | D:1      | Reached XP level 1. HP: 19/19 MP: 0/0
   129 | D:1      | Reached XP level 2. HP: 21/27 MP: 1/1
   586 | D:2      | Noticed Robin
   612 | D:1      | Reached skill level 3 in Long Blades
   612 | D:1      | Reached XP level 3. HP: 32/33 MP: 2/2
   625 | D:1      | Killed Robin
   786 | D:2      | Reached XP level 4. HP: 36/41 MP: 3/3
  1149 | D:2      | Found a burning altar of Makhleb.
  1149 | D:2      | Noticed a blizzard demon
  1182 | D:2      | Noticed a neqoxec
  1182 | D:2      | Noticed a smoke demon
  1293 | D:2      | Noticed Natasha
  1301 | D:2      | Killed Natasha
  1301 | D:2      | Reached skill level 4 in Long Blades
  1420 | D:2      | Reached XP level 5. HP: 30/47 MP: 4/4
  1832 | D:3      | Found a runed translucent gate.
  1832 | D:3      | Found a runed translucent gate.
  1832 | D:3      | Found a runed translucent gate.
  1847 | D:3      | Noticed Acheron's ghost (amateur HuBe)
  2347 | D:4      | Reached skill level 5 in Long Blades
  2347 | D:4      | Reached XP level 6. HP: 42/53 MP: 5/5
  2657 | D:4      | Reached skill level 5 in Shields
  2748 | D:4      | Noticed Purgy
  2756 | D:4      | Killed Purgy
  2756 | D:4      | Reached skill level 5 in Armour
  2756 | D:4      | Reached skill level 1 in Dodging
  3012 | D:4      | Reached skill level 5 in Fighting
  3067 | D:5      | Entered Level 5 of the Dungeon
  3071 | D:5      | Reached XP level 7. HP: 53/61 MP: 6/6
  3167 | D:5      | Found a shattered altar of Ashenzari.
  3213 | D:5      | Reached skill level 6 in Long Blades
  3817 | D:6      | Reached XP level 8. HP: 52/69 MP: 7/7
  3860 | D:6      | You fall through a shaft!
  3887 | D:7      | Reached skill level 7 in Long Blades
  4014 | D:7      | Reached skill level 8 in Long Blades
  4463 | D:7      | Found a shadowy altar of Dithmenos.
  4486 | D:7      | Found a sacrificial altar of Ru.
  4885 | D:6      | Found a staircase to the Ecumenical Temple.
  4959 | Temple   | Entered the Ecumenical Temple
  5748 | D:6      | Reached skill level 9 in Long Blades
  5873 | D:6      | Reached XP level 9. HP: 75/75 MP: 8/8
  6066 | D:8      | Found a staircase to the Lair.
  6926 | D:7      | Reached skill level 10 in Long Blades
  7419 | D:8      | Found an opulent altar of Gozag.
  8134 | D:9      | Noticed Prince Ribbit
  8187 | D:9      | Killed from afar by a vampire

Skill      XL: |  1  2  3  4  5  6  7  8  9 |
---------------+----------------------------+-----
Armour         | 4 5 6 7 9 |  9.3
Fighting       | 4 5 6 |  6.8
Shields        | 4 5 6 7 8 |  8.2
Long Blades    | 3 4 5 6 9 10 | 10.7
Dodging        | 2 3 |  3.1
Stealth        | |  0.5

Action                   |  1- 3 |  4- 6 |  7- 9 || total
-------------------------+-------+-------+-------++-------
Melee: Long sword        |   100 |   177 |   465 ||   742
       Headbutt          |    14 |    28 |    97 ||   139
  Use: Scroll            |       |     3 |       ||     3
       Potion            |       |       |     2 ||     2
  Eat: Chunk             |       |     7 |    14 ||    21
       Ration            |       |       |     1 ||     1
Armor: Scale mail        |    70 |     3 |       ||    73
       Chain mail        |       |    85 |   111 ||   196
       Plate armour      |       |       |    67 ||    67
Dodge: Dodged            |    41 |    59 |   108 ||   208
Block: Shield            |    65 |   127 |   219 ||   411
       Rpst.: Long sword |    12 |    16 |    30 ||    58
